 Dungeon Crawl Stone Soup version 0.18.1-50-g88ac8fd (webtiles) character file.

243 magog001 the Covered (level 5, 0/46 HPs)
             Began as a Minotaur Fighter on Aug 18, 2017.
             Slain by magog001's ghost (9 damage)
             ... on level 3 of the Dungeon.
             The game lasted 00:16:07 (2724 turns).

magog001 the Covered (Minotaur Fighter)             Turns: 2724, Time: 00:16:07

Health: 0/46       AC:  7    Str: 25 (26) XL:     5   Next: 82%
Magic:  4/4        EV: 14    Int:  4 (5)  God:
Gold:   185        SH: 11    Dex: 16 (18) Spells: 0 memorised, 4 levels left

rFire  . . .     SeeInvis .     a - +0 war axe
rCold  . . .     Gourm    .     b - +0 scale mail
rNeg   . . .     Faith    .     c - +0 shield
rPois  .         Spirit   .     (helmet restricted)
rElec  .         Dismiss  .     (no cloak)
rCorr  .         Reflect  .     (no gloves)
SustAt .         Harm     .     (no boots)
MR     +....                    (no amulet)
Stlth  +.........               v - ring of protection from magic
                                e - +3 ring of dexterity (curse)

@: mighty, agile, somewhat resistant to hostile enchantments, very unstealthy
A: retaliatory headbutt, horns 2
a: no special abilities


You were on level 3 of the Dungeon.
You were hungry.

You visited 1 branch of the dungeon, and saw 4 of its levels.

You collected 185 gold pieces.

Inventory:

Hand Weapons
 a - a +0 war axe (weapon)
 q - a +0 dagger of holy wrath
Armour
 b - a +0 scale mail (worn)
 c - a +0 shield (worn)
Jewellery
 e - a cursed +3 ring of dexterity (left hand)
 v - a ring of protection from magic (right hand)
Scrolls
 i - a scroll of magic mapping {unknown}
 j - a scroll of enchant weapon {unknown}
 m - 2 scrolls of identify {unknown}
 o - a scroll of enchant armour {unknown}
 p - a scroll of remove curse {unknown}
 t - 3 scrolls of blinking {unknown}
 w - a scroll of noise {unknown}
 x - 2 scrolls of teleportation {unknown}
Potions
 k - a potion of degeneration
 l - a potion of agility
 s - a potion of mutation {unknown}
 z - a potion of heal wounds {unknown}
Comestibles
 f - 2 bread rations
 g - a royal jelly
 n - 5 fruits
 u - 2 meat rations


   Skills:
 + Level 4.2 Fighting
 + Level 4.0 Axes
 + Level 5.1 Armour
 + Level 2.1 Dodging
 + Level 5.1 Shields


You had 4 spell levels left.
You didn't know any spells.

Dungeon Overview and Level Annotations

Branches:
Dungeon (4/15)
 Temple: D:4-7

Altars:
Elyvilon
Ru
Xom

Annotations:
D:3 magog001's ghost, amateur MiFi
D:4 Dowan


Innate Abilities, Weirdness & Mutations

You reflexively headbutt those who attack you in melee.
You have a pair of horns on your head.


Message History

Level annotation: magog001's ghost, amateur MiFi You block magog001's ghost's attack.
There is a stone staircase leading down here.
Drink which item? (? for menu, Esc to quit)
It was a potion of agility.
You feel agile all of a sudden. The gnoll hits you but does no damage.
Magog001's ghost hits you but does no damage.
Drink which item? (? for menu, Esc to quit)
It was a potion of degeneration.
There was something very wrong with that liquid.
You feel weakened.
You feel dopey.
You feel clumsy. The gnoll hits you but does no damage.
Magog001's ghost misses you.
Drink which item? (? for menu, Esc to quit)
It was a potion of curing.
You feel better. Magog001's ghost closely misses you.
The gnoll hits you but does no damage.
Drink which item? (? for menu, Esc to quit)
You feel very mighty all of a sudden. Magog001's ghost hits you!
You die...

####..###.#.#.#.#.#........#.# #
#.## #...#.#.#.##########.# # #.#
##..#.#.#............. # #.#
#....#.############## # #.###
#....#..........# #######W#.#
##...##########.# '.........#
#....# #.# #######.#.#
##..W#########.##### ##......#.#
#.@..).(..........#
...######.#####g###########.###.#
##..........#...............# #.#
#.######.#.#...............# #.#
#†# ##W#.#...............# #.#
#.# #....#...............# #.#
#.#####....#...W...........# #.#
#.#...'....#...............# #.#
#.##..#....#...............# #.#


You could see magog001's ghost and a gnoll.

Vanquished Creatures
  Duvessa (D:4)
  Robin (D:3)
  3 adders
  2 oozes
  A worm (D:2)
  3 dart slugs
  3 giant geckos
  2 orcs (D:3)
  2 ball pythons
  3 giant cockroaches (D:1)
  9 hobgoblins
  2 jackals (D:3)
  4 quokkas
  6 bats
  5 giant newts
  18 goblins
  4 kobolds
  7 rats
76 creatures vanquished.

Notes
Turn   | Place    | Note
--------------------------------------------------------------
     0 | D:1      | magog001 the Minotaur Fighter began the quest for the Orb.
     0 | D:1      | Reached XP level 1. HP: 19/19 MP: 0/0
     2 | D:1      | Noticed an octopode
     2 | D:1      | Noticed a gargoyle
     4 | D:1      | Noticed an ogre
     4 | D:1      | Noticed a spriggan
     6 | D:1      | Noticed a demonspawn
     8 | D:1      | Noticed a vine stalker
     8 | D:1      | Noticed a tengu
    10 | D:1      | Noticed a troll
    10 | D:1      | Noticed a formicid
    12 | D:1      | Noticed a dwarf
    12 | D:1      | Noticed a centaur
    14 | D:1      | Noticed a demigod
    14 | D:1      | Noticed a halfling
    16 | D:1      | Noticed a ghoul
    19 | D:1      | Noticed an elf
    19 | D:1      | Noticed a vampire
    21 | D:1      | Noticed a human
    23 | D:1      | Noticed a merfolk
    23 | D:1      | Noticed a minotaur
    25 | D:1      | Noticed a draconian
    27 | D:1      | Noticed a naga
    27 | D:1      | Noticed a felid
   193 | D:1      | Reached XP level 2. HP: 26/27 MP: 1/1
   749 | D:1      | Reached XP level 3. HP: 31/33 MP: 2/2
  1171 | D:2      | Found a shimmering altar of Xom.
  1171 | D:2      | Found a shimmering altar of Xom.
  1172 | D:2      | Found a shimmering altar of Xom.
  1173 | D:2      | Found a shimmering altar of Xom.
  1173 | D:2      | Found a shimmering altar of Xom.
  1173 | D:2      | Found a shimmering altar of Xom.
  1174 | D:2      | Found a shimmering altar of Xom.
  1174 | D:2      | Found a shimmering altar of Xom.
  1376 | D:2      | Reached XP level 4. HP: 33/40 MP: 3/3
  1520 | D:3      | Found a white marble altar of Elyvilon.
  1548 | D:3      | Noticed Robin
  1563 | D:3      | Reached skill level 1 in Dodging
  1578 | D:3      | Killed Robin
  2127 | D:3      | Noticed magog001's ghost (amateur MiFi)
  2127 | D:3      | Found a sacrificial altar of Ru.
  2415 | D:3      | Reached XP level 5. HP: 46/46 MP: 4/4
  2701 | D:4      | Noticed Duvessa
  2701 | D:4      | Noticed Dowan
  2714 | D:4      | Killed Duvessa
  2714 | D:4      | Reached skill level 5 in Armour
  2714 | D:4      | Reached skill level 5 in Shields
  2719 | D:4      | HP: 2/46 [gnoll/spear (4)]
  2724 | D:3      | Slain by magog001's ghost

Skill      XL: |  1  2  3  4  5 |
---------------+----------------+-----
Shields        | 4 5 |  5.1
Fighting       | 4 |  4.2
Armour         | 4 5 |  5.1
Axes           | 3 4 |  4.0
Dodging        | 1 2 |  2.1

Action                   |  1- 3 |  4- 6 || total
-------------------------+-------+-------++-------
Melee: War axe           |    91 |    76 ||   167
       Headbutt          |    18 |    12 ||    30
  Use: Potion            |       |     4 ||     4
  Eat: Chunk             |     1 |     4 ||     5
Armor: Scale mail        |    33 |    32 ||    65
Dodge: Dodged            |    20 |    27 ||    47
Block: Shield            |    44 |    60 ||   104
